 Dungeon Crawl Stone Soup version 0.31-a0-358-gac0dbeb3ab (webtiles) character file.

Game seed: 3869436389907136127

603 spiderkeys the Ruffian (level 7, -3/47 HPs)
             Began as an Octopode Shapeshifter on July 25, 2023.
             Slain by a hound (5 damage)
             ... on level 5 of the Dungeon.
             The game lasted 00:03:47 (3200 turns).

spiderkeys the Ruffian (Octopode Shapeshifter)      Turns: 3200, Time: 00:03:48

Health: -3/47      AC:  1    Str: 14    XL:     7   Next: 42%
Magic:  16/16      EV:  2    Int: 13    God:
Gold:   300        SH:  0    Dex: 12    Spells: 6/6 levels left

rFire   . .          .
                       - Unarmed
rCold   . . .        (no shield)
rNeg    . . .        (helmet currently unavailable)
rPois   .            (no amulet)
rElec   .            W - ring of magical power
rCorr   .            (no ring)
SInv    .            (no ring)
Will    .....        (no ring)
Stlth   ++           (no ring)
HPRegen 0.27/turn    (no ring)
MPRegen 0.15/turn    (no ring)
                     (no ring)

%: no passive effects
@: beast-form, sleeping
A: beast (slay +3), almost no armour, amphibious, 8 rings, camouflage 1,
gelatinous body 1, (nimble swimmer 1), tentacles
a: Begin Untransformation


You were on level 5 of the Dungeon.
You were a hulking beast.
You visited 1 branch of the dungeon, and saw 5 of its levels.

You collected 300 gold pieces.


Innate Abilities, Weirdness & Mutations

You are a hulking beast.
Your limbs bulge with bestial killing power. (Slay +3)
You cannot wear most types of armour.
You are amphibious.
You can wear up to eight rings at the same time.
Your skin changes colour to match your surroundings (Stealth+).
Your rubbery body absorbs attacks. (AC +1, EV +1)
((You are camouflaged when in or above water. (Stealth+)))
You have tentacles for arms and can constrict up to eight enemies at once.


   Skills:
 + Level 3.8 Fighting
 + Level 4.2 Dodging
 + Level 4.8 Unarmed Combat
 + Level 4.4 Shapeshifting


You had 6 spell levels left.
You didn't know any spells.
Your spell library contained the following spells:

 Spells                   Type           Power      Damage    Failure   Level
 Magic Dart               Conj           0%         1d3       30%         1
 Necrotise                Necr           0%         1d4       30%         1
 Blink                    Tloc           0%         N/A       43%         2
 Lesser Beckoning         Tloc           0%         N/A       43%         2
 Momentum Strike          Conj/Tloc      0%         3d8       43%         2
 Searing Ray              Conj           0%         2d4       43%         2
 Vampiric Draining        Necr           0%         2d6       67%         3
 Fulminant Prism          Conj/Hex       0%         3d5       97%         4
 Agony                    Necr           0%         N/A       100%        5

Inventory:

Missiles
 c - 49 stones
 h - 15 boomerangs
 t - 6 datura-tipped darts
 u - 2 boomerangs of dispersal {=f!f}
 y - 2 throwing nets {=f!f}
Magical Staves
 l - a staff of earth {!a}
   (You found it on level 2 of the Dungeon)
Jewellery
 C - a ring of ice
   (You found it on level 4 of the Dungeon)
 W - a ring of magical power (left tentacle)
   (You found it on level 1 of the Dungeon)
Talismans
 b - a beast talisman
 o - a serpent talisman
   (You found it on level 2 of the Dungeon)
Scrolls
 d - 3 scrolls of teleportation {unknown}
 e - a scroll of fog {unknown}
 j - a scroll of torment {unknown}
 m - a scroll of identify {unknown}
 n - a scroll of poison {unknown}
 q - a scroll of vulnerability {unknown}
 r - 3 scrolls of enchant armour {unknown}
 v - a scroll of enchant weapon {unknown}
 x - 3 scrolls of noise {unknown}
Potions
 a - 2 potions of lignification {!q}
 f - a potion of might {unknown}
 g - 4 potions of curing {@q1}
 i - a potion of cancellation {unknown}
 k - 2 potions of heal wounds {unknown}
 p - a potion of resistance {unknown}
 s - a potion of brilliance {unknown}
 w - a potion of mutation {unknown}

Dungeon Overview and Level Annotations

Branches:
Dungeon (5/15) Zot: 26534
 Temple: D:4-7

Altars:
Qazlal
Yredelemnul

Annotations:
D:4 2 transporters, 1 runed translucent door, Tollund's ghost, amateur VSFi

...... #. ......
... .##.#.. #. ....
.. ## #..... ...
.## # ...#
#.###..#.# .##
##........##
#........... #.
#.##.)...... #.#.
##...hf...... . ...
##..##.h...... ..
#..###...####......
..
#..#.##.....#......
#....##.......##...
.....# #....###..##
.. .>......
#..#..###.# .
........
##..#...#....
.....^..
#.........####
........


You could see a sleepcap and a hound.


Message History

Found a stone staircase leading up.
Found a runed helmet.
No target in view!
No target in view!
No target in view!
You see here a +1 helmet of intelligence.
Key pressed, stopping explore.
An adder comes into view.
An adder is nearby!
The adder hisses angrily.
The adder closely misses you. The adder bites you. 😕 HP[-1]
You take 1 damage, and now have 45/46 hp.
You miss the adder. You grab the adder. You tentacle-slap the adder.
You constrict the adder. The adder closely misses you. 😎 HP[+1]
Your hp is fully restored (46).
You tentacle-slap the adder. You constrict the adder.
You kill the adder!
No target in view!
A centaur comes into view.
The centaur shouts!
You hear an angry hiss.
The centaur wields a +0 shortbow.
The centaur shoots an arrow.
The arrow hits you.
An iguana comes into view. 😕 HP[-6]
You take 6 damage, and now have 40/46 hp.
There are monsters nearby!
There are monsters nearby!
The centaur shoots an arrow.
The arrow barely misses you.
The centaur shoots an arrow.
The arrow hits you.
You hear a bark! 😕 HP[-5]
You take 5 damage, and now have 35/46 hp.
A hound comes into view.
The centaur shoots an arrow.
The arrow hits you!
* * * LOW HITPOINT WARNING * * *
😨 HP[-13]
You take 13 damage, and now have 22/46 hp.
MASSIVE DAMAGE!! (PAUSE)
You tentacle-slap the centaur. The iguana bites you.
* * * LOW HITPOINT WARNING * * *
The centaur unwields a +0 shortbow.
The centaur barely misses you. The centaur kicks you.
* * * LOW HITPOINT WARNING * * *
A sleepcap comes into view. 😨 HP[-7]
You take 7 damage, and now have 15/46 hp.
You tentacle-slap the iguana. You grab the iguana.
You constrict the iguana, but do no damage.
The centaur hits you!
* * * LOW HITPOINT WARNING * * *
The centaur barely misses you. The iguana barely misses you. 😱 HP[-7]
You take 7 damage, and now have 8/46 hp.
You tentacle-slap the centaur. You squeeze the centaur!
You kill the centaur!
You constrict the iguana. The hound bites you.
* * * LOW HITPOINT WARNING * * *
The iguana barely misses you.
You now have 47 max hp (+1).
It was a potion of curing.
You feel better.
You constrict the iguana. The hound closely misses you.
The iguana closely misses you.
The hound bites you but does no damage. 😨 HP[+5]
You regained 5 hp, and now have 13/47 hp.
You tentacle-slap the iguana. You constrict the iguana.
The hound closely misses you. The iguana barely misses you.
You barely miss the iguana.
You tentacle-slap the iguana, but do no damage.
You constrict the iguana. The hound barely misses you. The iguana bites you.
* * * LOW HITPOINT WARNING * * *
😨 HP[-1]
You take 1 damage, and now have 12/47 hp.
You tentacle-slap the iguana but do no damage.
You squeeze the iguana, but do no damage.
You constrict the iguana.
You kill the iguana!
The hound misses you. The hound barely misses you. 😨 HP[+1]
You bludgeon the hound! You grab the hound.
You constrict the hound, but do no damage.
The hound bites you.
* * * LOW HITPOINT WARNING * * *
The sleepcap closely misses you. 😱 HP[-5]
You take 5 damage, and now have 8/47 hp.
You tentacle-slap the sleepcap but do no damage.
You grab the sleepcap. You constrict the hound. You constrict the sleepcap.
The hound misses you.
The hound stops to sniff the ground.
The hound bites you.
* * * LOW HITPOINT WARNING * * *
The sleepcap releases spores at you.
* * * LOW HITPOINT WARNING * * *
You are engulfed in a cloud of soporific spores!
You fall asleep.
You lose your grip on the hound.
You lose your grip on the sleepcap.
The hound bites you.
You die...

Skill      XL: |  1  2  3  4  5  6  7 |
---------------+----------------------+-----
Fighting       | 2 3 |  3.8
Dodging        | 3 4 |  4.2
Unarmed Combat | 4 |  4.8
Shapeshifting  | 4 |  4.4

Action                     |  1- 3 |  4- 6 |  7- 9 || total
---------------------------+-------+-------+-------++-------
  Melee: Unarmed           |    46 |   105 |    18 ||   169
         Constrict         |    12 |    29 |     6 ||    47
         Tentacles         |     8 |    21 |     4 ||    33
         Punch             |     1 |     3 |     3 ||     7
    Use: Potion            |       |     2 |     1 ||     3
   Stab: Sleeping          |     9 |     8 |       ||    17
 Armour: Skin              |     2 |     7 |     1 ||    10
  Dodge: Dodged            |    16 |    85 |    22 ||   123

Levels and vault maps discovered:
D:1:      nzn_arrival_settlement, layout_basic
D:2:      layout_rooms, hellmonk_ecumenical_altar_inner_sanctum, serial_forest,
          infiniplex_forest_lined_room_3, infiniplex_forest_straight_2,
          infiniplex_forest_corner_2, infiniplex_forest_clump_double,
          infiniplex_forest_end_2, infiniplex_forest_clump_tiny,
          infiniplex_forest_lined_room_2
D:3:      minmay_razor_zed, layout_rooms, nicolae_qazlal_eye_of_the_storm,
          minmay_close_crescents
D:4:      layout_basic, dk_yredelemnul_ordeal, gammafunk_ghost_gnarly_gnolls
D:5:      layout_cave_pools, uniq_blork_the_orc

Notes
Turn   | Place    | Note
-------+----------+-------------------------------------------
     0 | D:1      | spiderkeys the Octopode Shapeshifter began the quest for
                  | the Orb.
     0 | D:1      | Reached XP level 1. HP: 13/13 MP: 1/1
     0 | D:1      | magus.rc [v1.11.3]
   180 | D:1      | Reached XP level 2. HP: 17/18 MP: 2/2
   496 | D:1      | You pick up a book of Conjurations and begin reading...
   496 | D:1      | You add the spells Magic Dart, Searing Ray and Fulminant
                  | Prism to your library.
   794 | D:2      | Reached XP level 3. HP: 16/23 MP: 3/3
  1195 | D:2      | Reached skill level 2 in Fighting
  1195 | D:2      | Reached XP level 4. HP: 29/29 MP: 4/4
  1443 | D:2      | Found a faded altar of an unknown god.
  1563 | D:3      | You pick up a book of Spatial Translocations and begin
                  | reading...
  1563 | D:3      | You add the spells Blink, Momentum Strike and Lesser
                  | Beckoning to your library.
  1736 | D:3      | Found a stormy altar of Qazlal.
  2043 | D:3      | Reached XP level 5. HP: 29/34 MP: 5/5
  2102 | D:3      | Reached skill level 3 in Dodging
  2184 | D:4      | Noticed a phantom
  2195 | D:4      | Killed a phantom
  2196 | D:4      | Reached skill level 4 in Unarmed Combat
  2283 | D:4      | Found a transporter.
  2334 | D:4      | Noticed Tollund's ghost (amateur VSFi)
  2388 | D:4      | Noticed a human
  2389 | D:4      | Found a runed translucent door.
  2391 | D:4      | Found a basalt altar of Yredelemnul.
  2524 | D:4      | Found a transporter.
  2532 | D:4      | Identified the +8 halberd of Trial by Ordeal {chaos, Dex+3}
  2636 | D:4      | Reached XP level 6. HP: 41/41 MP: 6/6
  2742 | D:5      | Entered Level 5 of the Dungeon
  2762 | D:5      | Reached skill level 3 in Fighting
  2762 | D:5      | Reached skill level 4 in Shapeshifting
  2920 | D:5      | Reached XP level 7. HP: 20/46 MP: 7/7
  3060 | D:5      | You pick up a book of Necromancy and begin reading...
  3060 | D:5      | You add the spells Necrotise, Vampiric Draining and Agony
                  | to your library.
  3080 | D:5      | Reached skill level 4 in Dodging
  3192 | D:5      | HP: 8/46 [centaur (7)]
  3198 | D:5      | HP: 8/47 [hound (5)]
  3199 | D:5      | HP: 2/47 [sleepcap (3)]
  3200 | D:5      | Slain by a hound

Vanquished Creatures
  A centaur (D:5)
  2 phantoms
  A scorpion (D:5)
  An orc priest (D:5)
  A hound (D:5)
  2 iguanas
  3 gnolls (D:5)
  7 adders
  2 ufetubi
  A worm (D:2)
  4 dart slugs
  11 orcs
  7 endoplasms
  3 giant cockroaches
  8 goblins
  6 hobgoblins
  4 jackals (D:5)
  2 quokkas
  3 ball pythons
  7 bats
  6 frilled lizards
  A goblin skeleton (D:4)
  7 kobolds
  8 rats
98 creatures vanquished.

Table legend:
 A = Non-vault XP
 B = Vault XP
 C = Vault XP percentage of total XP
 D = Non-vault monster count
 E = Vault monster count
 F = Vault count percentage of total count
                 A         B        C        D         E       F
            +---------+---------+-------+---------+---------+-------
      Total |     822 |      40 |   4.6 |      81 |      17 |  17.3
            +---------+---------+-------+---------+---------+-------
        D:1 |      32 |       0 |   0.0 |      19 |       0 |   0.0
        D:2 |      65 |       0 |   0.0 |      17 |       0 |   0.0
        D:3 |      33 |      39 |  54.2 |      14 |      16 |  53.3
        D:4 |     166 |       1 |   0.6 |      12 |       1 |   7.7
        D:5 |     526 |       0 |   0.0 |      19 |       0 |   0.0
            +---------+---------+-------+---------+---------+-------

Skill      XL: |  1  2  3  4  5  6  7 |
---------------+----------------------+-----
Fighting       | 2 3 |  3.8
Dodging        | 3 4 |  4.2
Unarmed Combat | 4 |  4.8
Shapeshifting  | 4 |  4.4

Action                     |  1- 3 |  4- 6 |  7- 9 || total
---------------------------+-------+-------+-------++-------
  Melee: Unarmed           |    46 |   105 |    18 ||   169
         Constrict         |    12 |    29 |     6 ||    47
         Tentacles         |     8 |    21 |     4 ||    33
         Punch             |     1 |     3 |     3 ||     7
    Use: Potion            |       |     2 |     1 ||     3
   Stab: Sleeping          |     9 |     8 |       ||    17
 Armour: Skin              |     2 |     7 |     1 ||    10
  Dodge: Dodged            |    16 |    85 |    22 ||   123

Illustrated notes

Table legend:
 A = Kills in this place as a percentage of kills in the entire game.
 B = Kills by you in this place as a percentage of kills by you in the entire game.
 C = Kills by friends in this place as a percentage of kills by friends in the entire game.
 D = Other kills in this place as a percentage of other kills in the entire game.
 E = Experience gained in this place as a percentage of experience gained in the entire game.
 F = Experience gained in this place divided by the number of levels of this place that you have seen.
                   A       B       C       D       E      F
               +-------+-------+-------+-------+-------+----------------------
         Total | 100.0 | 100.0 |   N/A |   N/A | 100.0 | 172.4
       Dungeon | 100.0 | 100.0 |   N/A |   N/A | 100.0 | 172.4
               +-------+-------+-------+-------+-------+----------------------

Table legend: (Time is in decaauts)
 A = Elapsed time spent in this place.
 B = Non-inter-level travel time spent in this place.
 C = Inter-level travel time spent in this place.
 D = Time resting spent in this place.
 E = Time spent auto-exploring this place.
 F = Levels seen in this place.
 G = Mean time per level.
                   A        B        C        D        E       F      G
               +--------+--------+--------+--------+--------+-----+--------+
         Total |   3197 |   3081 |    116 |      0 |   2603 |   5 |  639.4 |
       Dungeon |   3197 |   3081 |    116 |      0 |   2603 |   5 |  639.4 |
               +--------+--------+--------+--------+--------+-----+--------+

Top non-repeatable levels by time:
     D:2: 783 daAuts
     D:1: 695 daAuts
     D:3: 672 daAuts
     D:4: 580 daAuts
     D:5: 464 daAuts
